 Dungeon Crawl Stone Soup version 0.19.0-19-g8c6edcc (webtiles) character file.

374 Lochraine the Chiller (level 6, 0/41 HPs)
             Began as a Merfolk Ice Elementalist on Nov 12, 2016.
             Slain by an adder skeleton (2 damage)
             ... on level 4 of the Dungeon.
             The game lasted 00:14:14 (4876 turns).

Lochraine the Chiller (Merfolk Ice Elementalist)    Turns: 4876, Time: 00:14:15

Health: 0/41       AC:  2    Str:  8    XL:     6   Next: 72%
Magic:  3/10       EV: 13    Int: 17    God:
Gold:   175        SH:  5    Dex: 14    Spells: 3 memorised, 5 levels left

rFire  . . .     SeeInvis .     h - +0 spear
rCold  . . .     Gourm    .     a - +0 robe
rNeg   . . .     Faith    .     r - +0 buckler
rPois  .         Spirit   .     (no helmet)
rElec  .         Reflect  .     (no cloak)
rCorr  .         Harm     .     (no gloves)
MR     .....                    (no boots)
Stlth  ++........               (no amulet)
                                (no ring)
                                (no ring)

@: no status effects
A: change form in water, swift swim, stealthy swim
a: no special abilities


You were on level 4 of the Dungeon.
You were hungry.

You visited 1 branch of the dungeon, and saw 4 of its levels.
You also visited: Sewer.

You collected 175 gold pieces.

Inventory:

Hand Weapons
 d - a +0 dagger
 h - a +0 spear (weapon)
Armour
 a - a +0 robe (worn)
 r - a +0 buckler (worn)
Wands
 i - a wand of digging (12/24)
 u - a wand of iceblast (0/15)
Scrolls
 e - a scroll of remove curse
 g - 2 scrolls of identify
 j - a scroll of fear {unknown}
 k - a scroll of blinking {unknown}
 m - a scroll of magic mapping {unknown}
 n - a scroll of recharging {unknown}
 p - 6 scrolls of teleportation {unknown}
 w - 2 scrolls of fog {unknown}
Potions
 o - a potion of degeneration
 s - 2 potions of curing {unknown}
 v - 3 potions of beneficial mutation {unknown}
 x - 3 potions of brilliance
 z - 4 potions of flight {unknown}
 A - 2 potions of agility {unknown}
Books
 b - a book of Frost

   Spells                             Type                      Level
   a - Freeze                         Ice                          1
   b - Throw Frost                    Conjuration/Ice              2
   c - Ozocubu's Armour               Charms/Ice                   3
   d - Throw Icicle                   Conjuration/Ice              4
   e - Summon Ice Beast               Ice/Summoning                4
Comestibles
 c - 2 bread rations
 f - 2 meat rations
 l - a slice of pizza
 t - a beef jerky


   Skills:
 - Level 1.7 Polearms
 - Level 2.6 Dodging
 - Level 2.1 Stealth
 - Level 4.0 Shields
 + Level 3.3 Spellcasting
 + Level 1.9 Conjurations
 + Level 1.2 Charms
 + Level 4.5 Ice Magic


You had 5 spell levels left.
You knew the following spells:

 Your Spells              Type           Power        Failure   Level  Hunger
a - Freeze                Ice            ###.         2%          1    None
b - Throw Frost           Conj/Ice       ##....       10%         2    ##.....
c - Ozocubu's Armour      Chrm/Ice       ##......     17%         3    ###....


Dungeon Overview and Level Annotations

Branches:
Dungeon (4/15)
 Temple: D:4-7

Altars:
Cheibriados
The Shining One

Annotations:
D:2 Sigmund
D:3 Grinder; Monkfish's ghost, amateur KoBe


Message History

The orc wizard seems to speed up.
The orc wizard mumbles some strange words.
The orc wizard blinks!
You are too injured to fight recklessly!
Press: ? - help, v - describe, . - travel
Here: an adder skeleton (heavily damaged)
The floor.
Casting: Freeze
Confirm with . or Enter, or press ? or * to list all spells.
Aiming: Throw Frost
Press: ? - help, Shift-Dir - straight line, f - orc wizard, p - adder skeleton
Aim: an orc wizard, wielding a dagger and wearing a robe (fast)
The puff of frost hits the orc wizard.
The orc wizard is heavily wounded.
The adder skeleton misses you.
The orc wizard gestures at you while chanting.
The magic dart hits you!
* * * LOW HITPOINT WARNING * * *
The adder skeleton bites you.
You die...

#.....####.......<.####...####
###..## ##.......## ##.## #.##
##.....## #... #.# ##...##
#.### #.# ##+## #.# #.# .# .#
#.# .###### #.# ##.#.....
#.#########@o..#
#[.......#.Zo..#
########.##....####
#.#........# #.#.#.#.##.#
#..>....# # ###.#.### #.#.#
#....


You could see an orc wizard, an orc and an adder skeleton.

Vanquished Creatures
  Purgy (Sewer)
  A crimson imp (D:3)
  An orc wizard (D:3)
  Terence (D:2)
  Robin (D:2)
  A gnoll (D:1)
  2 adders
  3 river rats (D:3)
  An ooze (D:2)
  6 worms
  4 leopard geckos
  4 orcs
  6 bats
  2 giant cockroaches (D:2)
  19 goblins
  20 hobgoblins
  2 jackals (D:3)
  7 kobolds
  A quokka (D:2)
  2 ball pythons (Sewer)
  11 frilled lizards
  13 rats
109 creatures vanquished.

Notes
Turn   | Place    | Note
-------+----------+-------------------------------------------
     0 | D:1      | Lochraine the Merfolk Ice Elementalist began the quest for the Orb.
     0 | D:1      | Reached XP level 1. HP: 13/13 MP: 3/3
   435 | D:2      | Noticed Sigmund
   555 | D:1      | Reached XP level 2. HP: 14/19 MP: 0/5
   778 | D:1      | Learned a level 2 spell: Throw Frost
   841 | D:1      | Reached XP level 3. HP: 24/24 MP: 6/6
   991 | D:1      | Reached skill level 1 in Conjurations
  1803 | D:2      | Reached skill level 1 in Polearms
  1803 | D:2      | Reached XP level 4. HP: 18/30 MP: 3/8
  2362 | D:2      | Noticed Terence
  2377 | D:2      | Killed Terence
  2433 | D:2      | Found a faded altar of an unknown god.
  2624 | D:2      | Learned a level 3 spell: Ozocubu's Armour
  2801 | D:2      | Reached XP level 5. HP: 31/35 MP: 6/9
  2805 | D:2      | Noticed Robin
  2815 | D:2      | Killed Robin
  2815 | D:2      | Reached skill level 1 in Shields
  2954 | D:2      | Found a glowing golden altar of the Shining One.
  3079 | D:3      | Found a snail-covered altar of Cheibriados.
  3080 | D:3      | Noticed Monkfish's ghost (amateur KoBe)
  3282 | D:3      | Found a glowing drain.
  3348 | Sewer    | Entered a sewer
  3478 | Sewer    | Noticed Purgy
  3692 | Sewer    | Killed Purgy
  3692 | Sewer    | Reached XP level 6. HP: 41/41 MP: 10/10
  3870 | D:3      | Noticed Grinder
  4580 | D:3      | Reached skill level 1 in Charms
  4876 | D:4      | HP: 2/41 [orc wizard/magic dart (7)]
  4876 | D:4      | Slain by an adder skeleton

Skill      XL: |  1  2  3  4  5  6 |
---------------+-------------------+-----
Conjurations   | 1 |  1.9
Ice Magic      | 4 |  4.5
Polearms       | 1 |  1.7
Spellcasting   | 3 |  3.3
Shields        | 3 4 |  4.0
Charms         | 1 |  1.2
Dodging        | |  2.6
Stealth        | |  2.1

Action                   |  1- 3 |  4- 6 || total
-------------------------+-------+-------++-------
Melee: Unarmed           |     3 |       ||     3
       Dagger            |     4 |       ||     4
       Spear             |    63 |   166 ||   229
 Cast: Freeze            |    36 |    89 ||   125
       Throw Frost       |       |     8 ||     8
Evoke: Wand              |       |     5 ||     5
  Use: Scroll            |       |     6 ||     6
       Potion            |       |     5 ||     5
 Stab: Sleeping          |     5 |     3 ||     8
       Distracted        |     3 |       ||     3
  Eat: Chunk             |     3 |    10 ||    13
Armor: Robe              |    10 |    19 ||    29
Dodge: Dodged            |    51 |    90 ||   141
Block: Buckler           |       |    31 ||    31
